 Dungeon Crawl Stone Soup version 0.24.0-123-gd5b16e6ec5 (webtiles) character file.

Game seed: 7229282025969930468, levelgen mode: deterministic

135113 Xerberus86 the Warrior (level 17, -7/104 HPs)
             Began as a Gargoyle Fighter on Feb 13, 2020.
             Was a Priest of Hepliaklqana.
             Mangled by an eight-headed hydra (9 damage)
             ... while paralysed
             ... on level 4 of the Swamp.
             The game lasted 01:28:09 (29354 turns).

Xerberus86 the Warrior (Gargoyle Fighter)          Turns: 29354, Time: 01:28:10

Health: -7/104     AC: 53    Str: 24    XL:     17   Next: 18%
Magic:  27/27      EV:  2    Int: 12    God:    Hepliaklqana [***...]
Gold:   2654       SH:  0    Dex:  9    Spells: 30/30 levels left

rFire    + . .     SeeInvis .   a - +9 mace (crush)
rCold    . . .     Gourm    .   P - +0 large shield
rNeg     + . .     Faith    .   h - +5 shadow dragon scales of Thoughtfulness {rF+ MR+ Stlth++++}
rPois    ∞         Spirit   .   A - +2 helmet
rElec    +         Reflect  .   Z - +2 cloak
rCorr    .         Harm     .   C - +2 pair of gloves
MR       +++..                  q - +0 pair of boots
Stlth    ++........             L - amulet of regeneration
HPRegen  0.67/turn              y - ring of protection from magic
MPRegen  0.20/turn              v - +5 ring of protection

@: paralysed, berserk cooldown, slowed
A: reduced essence, big wings, negative energy resistance 1, electricity
resistance, unbreathing, petrification resistance, rot immunity, AC +12
a: Fly, Recall Ancestor, Ancestor Identity, Transference, Renounce Religion


You were on level 4 of the Swamp.
You worshipped Hepliaklqana.
Hepliaklqana was most pleased with you.
You were not hungry.

You visited 5 branches of the dungeon, and saw 28 of its levels.
You also visited: Ossuary.

You collected 3577 gold pieces.
You spent 923 gold pieces at shops.

Inventory:

Hand Weapons
 a - a +9 mace of crushing (weapon)
 b - a +2 eveningstar of holy wrath
Missiles
 t - 51 poisoned darts (quivered)
 W - 7 atropa-tipped darts
Armour
 h - the +5 shadow dragon scales of Thoughtfulness (worn) {rF+ MR+ Stlth++++}
   (You found it on level 4 of the Dungeon)

   It protects you from fire.
   It affects your resistance to hostile enchantments.
   It makes you much more stealthy.
 q - a +0 pair of boots (worn)
 A - a +2 helmet (worn)
 C - a +2 pair of gloves (worn)
 P - a +0 large shield (worn)
 Z - a +2 cloak (worn)
Jewellery
 l - an uncursed ring of resist corrosion
 v - a +5 ring of protection (right hand)
 y - a ring of protection from magic (left hand)
 L - an amulet of regeneration (around neck)
 R - an uncursed ring of wizardry
Wands
 c - a wand of flame (13)
 s - a wand of enslavement (17)
 u - a wand of digging (4)
 x - a wand of paralysis (7)
 z - a wand of iceblast (10)
 O - a wand of scattershot (1)
 Q - a wand of acid (10)
 S - a wand of polymorph (5)
 V - a wand of disintegration (18)
Scrolls
 d - a scroll of enchant armour
 e - 2 scrolls of blinking
 g - 18 scrolls of remove curse
 j - 6 scrolls of identify
 k - 2 scrolls of vulnerability
 m - 2 scrolls of teleportation
 n - 5 scrolls of enchant weapon
 p - 3 scrolls of fog
 w - 3 scrolls of amnesia
 I - 9 scrolls of magic mapping
Potions
 i - a potion of might
 o - 4 potions of lignification
 r - 2 potions of agility
 E - 2 potions of brilliance
 F - a potion of resistance
 G - a potion of mutation
 H - a potion of berserk rage
 J - a potion of ambrosia
 K - 2 potions of magic
 M - a potion of invisibility
 N - a potion of heal wounds
 U - 2 potions of cancellation
Miscellaneous
 B - a lightning rod (4/4)
 D - a phantom mirror
Comestibles
 f - 49 rations


   Skills:
 + Level 16.9 Fighting
 - Level 14.5 Maces & Flails
 + Level 16.9 Armour
 * Level 10.9 Shields
 - Level 7.3 Spellcasting
 - Level 8.7 Invocations


You had 30 spell levels left.
You didn't know any spells.
Your spell library contained the following spells:

 Spells                   Type           Power        Failure   Level  Hunger
 Animate Skeleton         Necr           N/A          98%         1    None
 Apportation              Tloc           #.....       98%         1    None
 Beastly Appendage        Tmut           #.....       98%         1    None
 Confusing Touch          Hex            #.....       98%         1    None
 Flame Tongue             Conj/Fire      #....        98%         1    None
 Sandblast                Erth           #.....       98%         1    None
 Sting                    Conj/Pois      #...         98%         1    None
 Summon Small Mammal      Summ           #...         98%         1    None
 Ensorcelled Hibernation  Hex/Ice        #.....       99%         2    #......
 Passwall                 Tmut/Erth      #.......     99%         2    #......
 Poisonous Vapours        Pois/Air       #.....       99%         2    #......
 Sticks to Snakes         Tmut           #.......     99%         2    #......
 Throw Flame              Conj/Fire      #.....       99%         2    #......
 Confuse                  Hex            #.......     100%        3    ###....
 Conjure Flame            Conj/Fire      #.......     100%        3    ###....
 Gell's Gravitas          Tloc           #.........   100%        3    ###....
 Ignite Poison            Fire/Tmut/Pois #.......     100%        3    ###....
 Inner Flame              Hex/Fire       #.......     100%        3    ###....
 Mephitic Cloud           Conj/Pois/Air  #.......     100%        3    ###....
 Spider Form              Tmut/Pois      #.........   100%        3    ###....
 Stone Arrow              Conj/Erth      #.....       100%        3    ###....
 Cause Fear               Hex            #.........   100%        4    ####...
 Ice Form                 Ice/Tmut       #.......     100%        4    ####...
 Olgreb's Toxic Radiance  Pois           #.......     100%        4    ####...
 Petrify                  Tmut/Erth      #.......     100%        4    ####...
 Sticky Flame             Conj/Fire      #.......     100%        4    ####...
 Bolt of Draining         Conj/Necr      #.........   100%        5    ######.
 Borgnjor's Vile Clutch   Necr/Erth      #.........   100%        5    ######.
 Fireball                 Conj/Fire      #.........   100%        5    ######.
 Irradiate                Conj/Tmut      #.........   100%        5    ######.
 Lee's Rapid Deconstruct  Erth           #.........   100%        5    ######.
 Metabolic Englaciation   Hex/Ice        #.........   100%        5    ######.
 Silence                  Hex/Air        #.........   100%        5    ######.
 Venom Bolt               Conj/Pois      #.........   100%        5    ######.
 Yara's Violent Unravell  Hex/Tmut       #.........   100%        5    ######.
 Darkness                 Hex            #.........   100%        6    #######
 Deflect Missiles         Chrm/Air       #.........   100%        6    #######
 Shadow Creatures         Summ           N/A          100%        6    #######
 Discord                  Hex            #.........   100%        8    #######
 Sublimation of Blood     Necr           Unusable     N/A         2    N/A

Dungeon Overview and Level Annotations

Branches:
Dungeon (15/15)            Temple (1/1) D:5            Lair (6/6) D:9
  Swamp (4/4) Lair:2        Snake (0/4) Lair:4        Slime (0/5) Lair:5
    Orc (2/2) D:9             Elf (0/3) Orc:2        Vaults (0/5) D:13
 Depths (0/5) D:15        Ossuary (visited)

Altars:
Ashenzari
Cheibriados
Dithmenos
Elyvilon
Fedhas
Gozag
Hepliaklqana
Kikubaaqudgha
Makhleb
Nemelex Xobeh
Okawaru
Qazlal
Ru
Sif Muna
Trog
Uskayaw
Vehumet
Wu Jian
Xom
Yredelemnul
Zin
The Shining One

Shops:
D:6 (   D:9 }   Orc:2 ?}=(

Annotations:
D:12 1 runed translucent door
D:14 1 runed translucent door


Innate Abilities, Weirdness & Mutations

You are resistant to torment.
Your stone body is resilient. (AC +12)
You are immune to poison.
Your large and strong wings let you fly indefinitely.
You resist negative energy. (rN+)
You are resistant to electric shocks. (rElec)
You can survive without breathing.
You are immune to petrification.
You are immune to rotting.
Your life essence is reduced to manifest your ancestor. (-10% HP)


Message History

You block the eight-headed hydra's attack.
You are no longer berserk.
You pass out from exhaustion.
You feel yourself slow down.
The eight-headed hydra bites you but does no damage. x5
The eight-headed hydra barely misses you.
The eight-headed hydra bites you!
* * * LOW HITPOINT WARNING * * *
The eight-headed hydra bites you but does no damage.
The four-headed hydra bites you but does no damage. x3
The four-headed hydra bites you.
* * * LOW HITPOINT WARNING * * *
The five-headed hydra bites you.
* * * LOW HITPOINT WARNING * * *
The five-headed hydra bites you.
* * * LOW HITPOINT WARNING * * *
The five-headed hydra bites you but does no damage. x3
The eight-headed hydra bites you but does no damage.
The eight-headed hydra bites you!
You die...

.........≈≈#≈♣.≈≈♣ #.
♣...♣≈...[≈≈≈≈.#≈♣ ≈≈ #≈
.♣.≈.♣......≈≈.♣♣♣♣ . .≈≈
≈.♣.♣♣♣♣≈♣≈.≈§♣♣♣. °#≈.≈. ≈≈..♣
♣♣....≈≈♣♣. #.≈≈≈≈≈ ≈≈≈[♣
♣.≈≈≈.♣♣♣.######≈≈≈≈.≈#
..≈.♣♣♣≈≈≈≈..♣♣...##D≈≈≈.≈.≈#
≈≈≈.§.≈≈.≈≈≈.≈÷≈DD.†wD.≈....≈
≈≈.....≈≈≈≈...≈.@DD#≈≈.§≈≈≈≈≈
≈.≈≈....≈≈≈..†♣≈D####≈≈≈##≈##
....≈..≈≈...[.♣♣♣.≈#####≈≈##
.≈≈≈≈≈...≈≈.≈÷♣♣♣♣♣.≈ ###
.≈≈≈≈≈≈≈≈≈≈≈..÷♣°♣ ♣ ♣♣♣
.≈≈≈≈≈.≈≈≈..#.≈≈≈♣ ♣♣♣♣ ♣♣≈≈♣♣
♣.≈≈≈≈≈...≈...≈≈♣♣♣♣♣♣♣..♣♣♣≈≈≈..
♣..≈≈≈..≈♣...≈≈#.♣.≈♣....≈♣ ♣.≈#.
≈.≈≈≈≈≈≈≈≈.....≈≈.≈≈≈≈.≈♣♣♣♣♣♣≈<≈


You could see an eight-headed hydra, a six-headed hydra, a five-headed hydra, 2
four-headed hydras, 2 swamp dragons and a swamp worm.

Vanquished Creatures
  the Lernaean hydra (Swamp:4)
  A thorn hunter (Swamp:4)
  A fire giant (D:15)
  Louise (Swamp:3)
  The ghost of Vext the Imperceptible, a journeyman SpEn of Gozag (D:13)
  The ghost of Blodwynpig the Spear-Bearer, a journeyman HOBe of Trog (Orc:1)
  A fire dragon (D:13)
  Josephine (Lair:4)
  14 hydras
  4 vault guards (D:13)
  A rakshasa (D:15)
  A ghost crab (Swamp:3)
  A catoblepas (Lair:6)
  5 alligators
  A shambling mangrove (Swamp:2)
  3 centaur warriors
  A death knight (D:13)
  3 two-headed ogres
  A deep troll shaman (Lair:6)
  A dancing weapon (Orc:1)
  10 death yaks
  2 tengu warriors
  3 orc high priests (Orc:2)
  Nergalle (Lair:3)
  A spriggan druid (Swamp:3)
  2 unseen horrors
  A phantasmal warrior (D:13)
  Pikel (D:5)
  3 swamp dragons
  5 orc knights
  3 orc sorcerers (Orc:2)
  A deep elf mage (D:14)
  3 manticores
  13 ugly things
  5 cyclopes
  4 elephants
  7 black mambas
  4 torpor snails
  A guardian serpent (Lair:4)
  6 spiny frogs
  A centaur skeleton (D:13)
  4 gargoyles
  7 komodo dragons
  3 yaktaurs (D:15)
  10 rime drakes
  2 freezing wraiths
  A tengu conjurer (D:13)
  A polar bear (Lair:6)
  A queen bee (Lair:1)
  9 trolls
  6 hornets
  9 tyrant leeches
  8 slime creatures
  6 bog bodies
  17 hippogriffs
  6 dream sheep
  8 blink frogs (Lair:5)
  A centaur simulacrum (D:15)
  7 wraiths
  52 yaks
  3 spriggans
  A shadow (Swamp:3)
  Eustachio (D:5)
  8 basilisks
  6 wyverns
  A hungry ghost (D:11)
  Menkaure (D:4)
  13 vampire mosquitoes
  8 insubstantial wisps (Swamp:1)
  11 swamp worms
  4 wargs
  14 water moccasins
  A soldier ant (D:13)
  5 porcupines
  A slave (D:5)
  A hexer (Swamp:1)
  6 swamp drakes
  5 ice beasts
  A meliai simulacrum (D:13)
  6 phantoms
  4 sky beasts
  12 ogres
  35 orc warriors
  A hornet zombie (D:7)
  3 black bears
  An eye of draining (D:13)
  4 wolves (Lair:6)
  11 centaurs
  10 crocodiles
  7 elf zombies (Ossuary)
  2 big kobolds (D:10)
  A gnoll sergeant (Orc:2)
  A wyvern zombie (D:12)
  23 bullfrogs
  6 scorpions
  38 killer bees
  12 wights
  An electric eel (D:12)
  A howler monkey (D:13)
  9 crimson imps
  3 bullfrog zombies
  3 hounds
  29 orc priests
  5 centaur zombies
  2 human zombies (Ossuary)
  Crazy Yiuf (D:6)
  3 jellies
  Jessica (D:2)
  4 iguanas
  39 orc wizards
  9 worker ants
  2 hound zombies
  4 hound skeletons
  3 mummies (Ossuary)
  9 gnolls
  2 worker ant zombies
  9 adders
  3 howler monkey skeletons
  A river rat (D:9)
  5 shadow imps
  2 adder skeletons (D:4)
  3 worms (D:2)
  2 dart slugs (D:3)
  10 leopard geckos
  103 orcs
  4 ball pythons
  7 bats
  6 giant cockroaches
  7 goblins
  6 hobgoblins
  6 jackals (D:5)
  4 quokkas
  4 frilled lizards
  A jackal skeleton (D:6)
  21 kobolds
  2 leopard gecko skeletons
  A leopard gecko zombie (D:6)
  A quokka skeleton (D:9)
  10 rats
895 creatures vanquished.

Vanquished Creatures (collateral kills)
  2 hydras
  5 alligators
  A swamp dragon (Swamp:4)
  An ugly thing (D:15)
  A spiny frog (Swamp:2)
  4 tyrant leeches
  2 hornets
  2 slime creatures
  A vampire mosquito (Swamp:3)
  2 swamp worms
  An orc warrior (Orc:2)
  A wight (D:15)
  An orc priest (D:14)
  A worker ant (D:13)
  An orc (D:14)
26 creatures vanquished.

Vanquished Creatures (others)
  Nikola (Swamp:3)
  An unseen horror (D:13)
  A cyclops (D:15)
  A komodo dragon (Swamp:3)
  A hungry ghost (D:13)
  9 hexers
  6 ancestors
  An adder skeleton (D:5)
  A briar patch (Swamp:4)
  A bush (Lair:1)
  A fungus (Lair:2)
  3 plants
27 creatures vanquished.

Grand Total: 948 creatures vanquished

Notes
Turn   | Place    | Note
-------+----------+-------------------------------------------
     0 | D:1      | Xerberus86 the Gargoyle Fighter began the quest for the
                  | Orb.
     0 | D:1      | Reached XP level 1. HP: 14/14 MP: 1/1
   368 | D:1      | Reached XP level 2. HP: 19/19 MP: 2/2
   638 | D:2      | Noticed Jessica
   647 | D:2      | Killed Jessica
   647 | D:2      | Reached XP level 3. HP: 23/23 MP: 3/3
   729 | D:2      | Found a blossoming altar of Fedhas.
  1053 | D:2      | Reached XP level 4. HP: 28/28 MP: 4/4
  1569 | D:2      | Reached skill level 5 in Maces & Flails
  1630 | D:2      | Found a glowing silver altar of Zin.
  1630 | D:2      | Noticed an angel
  1753 | D:2      | Reached XP level 5. HP: 30/32 MP: 5/5
  2917 | D:4      | Found a basalt altar of Yredelemnul.
  2917 | D:4      | Found a transporter.
  2926 | D:4      | Noticed Menkaure
  2932 | D:4      | Found an ancient bone altar of Kikubaaqudgha.
  2935 | D:4      | Found a transporter.
  3070 | D:4      | Reached XP level 6. HP: 34/37 MP: 6/6
  3141 | D:4      | Found an ornate altar of the Wu Jian Council.
  3333 | D:4      | Noticed a phantom
  3609 | D:4      | Killed Menkaure
  3615 | D:4      | Reached XP level 7. HP: 25/41 MP: 7/7
  3809 | D:4      | Got citrine-encrusted shadow dragon scales
  3833 | D:4      | Identified the +5 shadow dragon scales of Thoughtfulness
                  | {rF+ MR+ Stlth++++} (You found it on level 4 of the
                  | Dungeon)
  3844 | D:5      | Entered Level 5 of the Dungeon
  3914 | D:5      | Found a staircase to the Ecumenical Temple.
  3959 | Temple   | Entered the Ecumenical Temple
  3966 | Temple   | Became a worshipper of the Shining One
  4071 | D:5      | Noticed Eustachio
  4076 | D:5      | Found a white marble altar of Elyvilon.
  4101 | D:5      | Killed Eustachio
  4101 | D:5      | Reached XP level 8. HP: 46/46 MP: 8/8
  4130 | D:5      | Noticed Pikel
  4161 | D:5      | Killed Pikel
  4161 | D:5      | Reached skill level 10 in Maces & Flails
  4162 | D:5      | Found a sparkling altar of Nemelex Xobeh.
  4256 | D:6      | Found a sacrificial altar of Ru.
  4347 | D:6      | Reached XP level 9. HP: 48/51 MP: 9/9
  4451 | D:6      | Reached * piety under the Shining One
  4915 | D:6      | Found Utzagu's Antique Weapon Shoppe.
  4921 | D:6      | Bought an encrusted flail for 263 gold pieces
  4921 | D:6      | Identified the +8 flail "Spiderbane" {protect, *Noise rF+++
                  | rC++} (You bought it in a shop on level 6 of the Dungeon)
  4948 | D:6      | Found a runed translucent door.
  4949 | D:6      | Noticed Crazy Yiuf
  5255 | D:6      | Killed Crazy Yiuf
  5357 | D:7      | Noticed a four-headed hydra
  5370 | D:7      | Killed a four-headed hydra
  5510 | D:7      | Reached XP level 10. HP: 51/56 MP: 10/10
  5640 | D:7      | Found a sand-covered staircase.
  5641 | D:7      | Reached ** piety under the Shining One
  5669 | Ossuary  | Entered an ossuary
  5854 | Ossuary  | Reached *** piety under the Shining One
  6169 | D:7      | Found a shadowy altar of Dithmenos.
  6574 | D:7      | Noticed a two-headed ogre
  6589 | D:7      | Killed a two-headed ogre
  6589 | D:7      | Reached skill level 5 in Fighting
  6589 | D:7      | Reached skill level 5 in Armour
  6936 | D:7      | Found a shimmering altar of Xom.
  6937 | D:7      | Found a burning altar of Makhleb.
  7331 | D:8      | Noticed a two-headed ogre
  7331 | D:8      | Reached **** piety under the Shining One
  7337 | D:8      | Killed a two-headed ogre
  7337 | D:8      | Reached XP level 11. HP: 40/66 MP: 11/11
  7475 | D:8      | Identified the ring "Kyzxowai" {Fire -Tele +Fly SInv}
  7475 | D:8      | Noticed a tengu warrior
  7504 | D:8      | Killed a tengu warrior
  7605 | D:8      | Noticed a cyclops
  7616 | D:8      | Killed a cyclops
  7785 | D:8      | You fall into a shaft and drop 2 floors!
  7785 | D:10     | Entered Level 10 of the Dungeon
  7785 | D:10     | Found a shimmering blue altar of Sif Muna.
  8184 | D:10     | Noticed an unseen horror
  8202 | D:10     | Killed an unseen horror
  8523 | D:8      | Identified Maatuysu's Almanac of Toxic Transmutation
  8663 | D:8      | Noticed a cyclops
  8670 | D:8      | Killed a cyclops
  8674 | D:8      | Identified the Papyrus of Doomed Transformation
  8950 | D:9      | Found Roomuhe's Gadget Shoppe.
  9001 | D:9      | Found a flagged portal.
  9005 | D:9      | Found a hide-covered altar of Uskayaw.
  9296 | D:9      | Found a staircase to the Lair.
  9309 | D:9      | Noticed a death yak
  9310 | D:9      | Noticed a death yak
  9310 | D:9      | Noticed a death yak
  9366 | D:9      | Killed a death yak
  9379 | D:9      | Killed a death yak
  9379 | D:9      | Reached XP level 12. HP: 26/76 MP: 12/12
  9389 | D:9      | Killed a death yak
 10049 | D:9      | Reached skill level 10 in Fighting
 10051 | D:9      | Reached skill level 10 in Armour
 10381 | D:9      | Found a staircase to the Orcish Mines.
 11209 | D:11     | Found a burning altar of Makhleb.
 11690 | D:11     | Got a jewelled bardiche
 11919 | D:12     | Found a runed translucent door.
 11931 | D:12     | Noticed an ettin
 11934 | D:12     | Identified the +7 morningstar of Superiority {flame, rN+}
 12028 | D:12     | Noticed a centaur warrior
 12042 | D:12     | Reached ***** piety under the Shining One
 12367 | D:12     | Noticed a seven-headed hydra
 12374 | D:12     | Killed a seven-headed hydra
 12826 | Lair:1   | Entered Level 1 of the Lair of Beasts
 13113 | Lair:1   | Reached XP level 13. HP: 81/86 MP: 13/13
 13727 | Lair:1   | Identified the +6 bardiche of Doom {chop, Dex+2} (You found
                  | it on level 11 of the Dungeon)
 14060 | Lair:2   | Found a staircase to the Swamp.
 14884 | Lair:3   | Noticed Nergalle
 14903 | Lair:3   | Killed Nergalle
 15852 | Lair:4   | Noticed Josephine
 15861 | Lair:4   | Killed Josephine
 15987 | Lair:4   | Got a transparent leather armour
 16098 | Lair:4   | Reached skill level 1 in Invocations
 16111 | Lair:4   | Reached skill level 1 in Spellcasting
 16397 | Lair:4   | Gained mutation: Your large and strong wings let you fly
                  | indefinitely. [Gargoyle growth]
 16397 | Lair:4   | Reached XP level 14. HP: 96/96 MP: 15/17
 16473 | Lair:4   | Found a staircase to the Snake Pit.
 17019 | Lair:5   | Found a staircase to the Slime Pits.
 17934 | Lair:6   | Entered Level 6 of the Lair of Beasts
 17943 | Lair:6   | Reached ****** piety under the Shining One
 17964 | Lair:6   | Reached skill level 5 in Invocations
 18790 | Lair:6   | Reached skill level 5 in Spellcasting
 19084 | Lair:6   | Got an ancient scale mail
 19209 | Lair:6   | Identified the +3 leather armour of the Armoured One {rPois
                  | Slay+2} (You found it on level 4 of the Lair of Beasts)
 19210 | Lair:6   | Identified the cursed +1 scale mail of the Known World {MR-
                  | Int+3 Stlth+} (You found it on level 6 of the Lair of
                  | Beasts)
 19211 | Lair:6   | Identified 2 scrolls of acquirement
 19382 | Orc:1    | Entered Level 1 of the Orcish Mines
 19549 | Orc:2    | Entered Level 2 of the Orcish Mines
 19607 | Orc:2    | Reached XP level 15. HP: 89/101 MP: 23/23
 19871 | Orc:2    | Reached skill level 15 in Fighting
 19871 | Orc:2    | Reached skill level 15 in Armour
 20361 | Orc:2    | Was placed under penance by the Shining One
 20977 | Orc:2    | Found Fiugouro's Antique Weapon Emporium.
 20977 | Orc:2    | Found Fesiruz's Magic Scroll Boutique.
 21012 | Orc:2    | Found Vikousch's Jewellery Emporium.
 21012 | Orc:2    | Found Fuyrruod's Gadget Boutique.
 21102 | Orc:2    | Bought a +5 ring of protection for 660 gold pieces
 21182 | Orc:2    | Found a staircase to the Elven Halls.
 21756 | Orc:1    | Found a runed translucent door.
 21756 | Orc:1    | Found a shimmering altar of Xom.
 21756 | Orc:1    | Noticed Blodwynpig's ghost (journeyman HOBe)
 21800 | Orc:1    | Killed Blodwynpig's ghost
 22264 | Temple   | Fell from the grace of the Shining One
 22264 | Temple   | Became a worshipper of Hepliaklqana the Forgotten
 22769 | D:13     | Found a runed translucent door.
 22771 | D:13     | Noticed Vext's ghost (journeyman SpEn)
 22830 | D:13     | Killed Vext's ghost
 23130 | D:13     | Found a gate to the Vaults.
 24352 | D:14     | Reached * piety under Hepliaklqana
 24432 | D:14     | Found a runed translucent door.
 24432 | D:14     | Noticed a sphinx
 24432 | D:14     | Noticed a frost giant
 24432 | D:14     | Noticed a frost giant
 24867 | D:15     | Entered Level 15 of the Dungeon
 24986 | D:15     | Reached XP level 16. HP: 99/99 MP: 26/26
 25009 | D:15     | Reached skill level 5 in Shields
 25478 | D:15     | Found a staircase to the Depths.
 25871 | Swamp:1  | Entered Level 1 of the Swamp
 26191 | Swamp:1  | Reached ** piety under Hepliaklqana
 26192 | Swamp:1  | Remembered your ancestor Yadidatum as a hexer
 27764 | Swamp:3  | Noticed Nikola
 27780 | Swamp:3  | Noticed Louise
 27786 | Swamp:3  | Killed Nikola
 27851 | Swamp:3  | Killed Louise
 27978 | Swamp:3  | Got a vibrating steel ring
 27979 | Swamp:3  | Identified the ring of Suspected Treachery {rPois EV+3}
                  | (You acquired it on level 3 of the Swamp)
 28782 | Swamp:4  | Entered Level 4 of the Swamp
 28782 | Swamp:4  | Reached *** piety under Hepliaklqana
 29028 | Swamp:4  | Noticed a thorn hunter
 29041 | Swamp:4  | Reached skill level 10 in Shields
 29062 | Swamp:4  | Killed a thorn hunter
 29084 | Swamp:4  | Reached XP level 17. HP: 45/104 MP: 27/27
 29323 | Swamp:4  | Noticed the 27-headed Lernaean hydra
 29348 | Swamp:4  | Killed the 27-headed Lernaean hydra
 29353 | Swamp:4  | HP: 2/104 [five-headed hydra (4)]
 29354 | Swamp:4  | Mangled by an eight-headed hydra

Levels and vault maps discovered:
D:1:      lemuel_arrival_river_ford, layout_loops_ring
D:2:      layout_loops_corners, zin_angel, overflow_temple_1_default,
          uniq_jessica
D:3:      layout_basic, minivault_11
D:4:      layout_basic, gammafunk_temple_of_torment, kennysheep_mini,
          first_ration
D:5:      layout_gridville, elyvilon_altar_5, nemelex_xobeh_ov_fountains_minmay,
          temple_pool_b, uniq_eustachio, uniq_pikel
D:6:      minmay_skewed_foursquare, layout_loops_ring,
          nicolae_ru_sacrificial_ziggurat, serial_shops,
          nicolae_shop_overgrown_old_shop, uniq_crazy_yiuf_cottage
D:7:      layout_loops_corners, grunt_temple_overflow_champion_of_chaos,
          nicolae_dithmenos_through_a_glass_darkly, nicolae_ossuary_entry_ruins,
          the_bakery, minmay_strange_pillars, serial_park_tiny_1
D:8:      minmay_tri_box, layout_basic
D:9:      layout_small_grid, eat_drink_and_be_merry_uskayaw, dpeg_lair_monsters,
          david_orc_4, serial_shops, shop, enter_bailey_8
D:10:     layout_gridville, serial_bayou_pond_d, led_sif_book
D:11:     layout_basic, lemuel_centaur_altar
D:12:     layout_basic, minmay_st_funbox
D:13:     minmay_the_grid_octo_tiled_squarecenter
          [minmay_the_grid_octo_concentric, minmay_the_grid_octo_pinwheel,
          minmay_the_grid_octo_toaster, minmay_the_grid_octo_clover,
          minmay_the_grid_square_5x5_megaprize_hollow,
          minmay_the_grid_square_5x5_tie,
          minmay_the_grid_square_5x5_three_small,
          minmay_the_grid_square_5x5_minibox,
          minmay_the_grid_square_5x5_minimal], layout_loops_ring,
          lightli_vaults_fourway_checkpoint, ebering_ghost_reflecting_pool
D:14:     minmay_gate_of_8, layout_loops_ring, patterned_corridor,
          grunt_ministairs_1
D:15:     grunt_enter_depths_giant_problem, layout_basic
Temple:   eino_wide_crystal_templ
Lair:1:   layout_roguey [special_room_bee]
Lair:2:   layout_cave_pods, skrybe_swamp_entry_bodies, st_stairs_13
Lair:3:   layout_hall_layers, chequers_serial_rivers_micro_e,
          chequers_serial_rivers_micro_e, st_stairs_12, serial_bayou_shore_b,
          infiniplex_staircase_pool, grunt_megastairs_4, uniq_nergalle
Lair:4:   layout_layer_cave, minmay_snake_entry_spellcaster,
          beast_lair_carwin_5, grunt_megastairs_2, uniq_josephine
Lair:5:   layout_layer_cave, dpeg_slime_entry_corner, special_room
          [special_room_mythical_zoo]
Lair:6:   grunt_lair_end_beastmaster, layout_cave_pods
Swamp:1:  layout_basic_swamp, hangedman_swamp_ruin_wall
Swamp:2:  layout_falls_marsh, nicolae_swamp_orc_logging_accident
Swamp:3:  layout_basic_swamp, evilmike_swamp_ruin_house_4, swamp_pool4,
          nicolae_swamp_dense_foliage, uniq_nikola, uniq_louise
Swamp:4:  swamp_old_school, layout_basic_swamp, swamp_pool2
Orc:1:    layout_caves, ebering_ghost_xom, serial_shops
Orc:2:    grunt_orc_tribal_feast, layout_caves

Skill      XL: |  1  2  3  4  5  6  7  8  9 10 11 12 13 14 15 16 |
---------------+-------------------------------------------------+-----
Maces & Flails | 3 4 5 6 7 9 11 13 14 | 14.5
Fighting       | 6 9 12 14 15 16 | 16.9
Armour         | 6 9 12 14 15 16 | 16.9
Invocations    | 2 6 8 |  8.7
Spellcasting   | 2 5 7 |  7.3
Shields        | 4 10 | 10.9

Action                   |  1- 3 |  4- 6 |  7- 9 | 10-12 | 13-15 | 16-18 || total
-------------------------+-------+-------+-------+-------+-------+-------++-------
Melee: Flail             |    82 |   239 |       |       |  1800 |   435 ||  2556
       Mace              |       |    15 |   276 |  1031 |    73 |   402 ||  1797
Throw: Dart              |       |       |       |    38 |    27 |     2 ||    67
       Boomerang         |       |       |       |       |     3 |       ||     3
Invok: Divine Shield     |       |       |       |     4 |       |       ||     4
       Summon Divine War |       |       |       |       |     1 |       ||     1
       Ancestor Life: He |       |       |       |       |       |     1 ||     1
Evoke: Wand              |       |       |       |     3 |     4 |     7 ||    14
       Fan of gales      |       |       |       |       |     2 |       ||     2
  Use: Scroll            |       |     3 |     1 |     3 |    31 |    15 ||    53
       Potion            |       |     1 |       |    14 |    15 |     5 ||    35
 Stab: Sleeping          |       |       |       |       |     3 |     3 ||     6
       Distracted        |       |       |       |       |     1 |    14 ||    15
       Paralysed         |       |       |       |       |       |    18 ||    18
       Confused          |       |       |       |       |       |     1 ||     1
  Eat: Chunk             |       |     9 |     7 |    17 |    24 |    11 ||    68
       Ration            |       |       |       |     3 |     5 |     2 ||    10
Armor: Scale mail        |    41 |    45 |       |       |       |       ||    86
       Chain mail        |       |   101 |     2 |       |       |       ||   103
       Shadow dragon sca |       |       |   178 |   576 |  1644 |   797 ||  3195
Dodge: Dodged            |    24 |    63 |    56 |   214 |   511 |   126 ||   994
Block: Shield            |    42 |   128 |   112 |   410 |   956 |       ||  1648
       Large shield      |       |       |       |       |    80 |   644 ||   724
